 Dungeon Crawl Stone Soup version 0.27-a0-1272-g7c8ad2e407 (webtiles) character file.

Game seed: 9865120442728322104

9938 Froggeryz the Cleaver (level 11, -7/81 HPs)
             Began as a Demonspawn Gladiator on June 11, 2021.
             Was a High Priest of Okawaru.
             Killed by refrigeration
             ... invoked by Fannar
              (21 damage)
             ... on level 1 of the Lair of Beasts.
             The game lasted 00:16:26 (15441 turns).

Froggeryz the Cleaver (Demonspawn Gladiator)       Turns: 15441, Time: 00:16:27

Health: -7/81      AC: 21    Str: 17    XL:     11   Next: 29%
Magic:  4/4        EV: 10    Int: 10    God:    Okawaru [*****.]
Gold:   401        SH:  0    Dex: 17    Spells: 10/10 levels left

rFire    + . .     SeeInvis .   l - +7 hand axe of Fusat {antimagic, rF+ Dex+2}
rCold    . . .     Faith    .   (no shield)
rNeg     . . .     Spirit   .   r - +1 scale mail
rPois    .         Reflect  .   c - +0 helmet
rElec    .         Harm     .   o - +0 cloak
rCorr    .         Rampage  .   L - +1 pair of gloves
Will     +....                  (no boots)
Stlth    ..........             (no amulet)
HPRegen  0.23/turn              h - ring of wizardry
MPRegen  0.09/turn              v - ring of willpower

@: sanguine armoured
A: claws 2, demonic guardian 2, powered by death 1, sanguine armour 2
a: Renounce Religion, Heroism, Finesse


You were on level 1 of the Lair of Beasts.
You worshipped Okawaru.
Okawaru was extremely pleased with you.
You visited 3 branches of the dungeon, and saw 10 of its levels.

You collected 401 gold pieces.

Inventory:

Hand Weapons
 a - a +1 war axe
 l - the +7 hand axe of Fusat (weapon) {antimagic, rF+ Dex+2}
   (You found it on level 5 of the Dungeon)

   It reduces the magical energy of the wielder, and disrupts the spells and
   magical abilities of those hit.
   Natural abilities and divine invocations are not affected.
   It affects your dexterity (+2).
   It protects you from fire.
Missiles
 d - a throwing net (quivered)
 i - 11 boomerangs
 m - 6 silver javelins
 s - 8 silver boomerangs
 D - a curare-tipped dart
Armour
 c - a +0 helmet (worn)
 o - a +0 cloak (worn)
 r - a +1 scale mail (worn)
 B - a +0 kite shield
 L - a +1 pair of gloves (worn)
Jewellery
 h - a ring of wizardry (left hand)
 u - an amulet of faith
 v - a ring of willpower (right hand)
 J - an amulet of regeneration
Wands
 q - a wand of paralysis (8)
 w - a wand of mindburst (11)
 G - a wand of flame (21)
 K - a wand of iceblast (8)
Scrolls
 b - 2 scrolls of fog
 e - 2 scrolls of enchant weapon
 f - 4 scrolls of blinking
 p - 2 scrolls of fear
 y - 2 scrolls of magic mapping
 A - a scroll of vulnerability {unknown}
 C - 4 scrolls of identify
 E - a scroll of enchant armour
 F - 2 scrolls of holy word {unknown}
 I - a scroll of amnesia {unknown}
Potions
 j - 2 potions of degeneration {unknown}
 k - 3 potions of attraction {unknown}
 n - 3 potions of lignification {unknown}
 t - 3 potions of curing
 x - a potion of mutation
 z - 3 potions of resistance
 H - 2 potions of flight {unknown}


   Skills:
 - Level 6.2 Fighting
 * Level 13.2 Axes
 - Level 3.2 Throwing
 - Level 3.2 Armour
 - Level 2.6 Dodging
 + Level 4.8 Shields
 - Level 5.0 Invocations


You had 10 spell levels left.
You didn't know any spells.
Your spell library contained the following spells:

 Spells                   Type           Power      Damage    Failure   Level
 Animate Skeleton         Necr           0%         N/A       43%         1
 Magic Dart               Conj           0%         1d3       43%         1
 Pain                     Necr           0%         1d4       43%         1
 Summon Small Mammal      Summ           0%         N/A       43%         1
 Blink                    Tloc           N/A        N/A       56%         2
 Call Imp                 Summ           0%         N/A       56%         2
 Slow                     Hex            0%         N/A       56%         2
 Call Canine Familiar     Summ           0%         N/A       80%         3
 Conjure Flame            Conj/Fire      0%         6-21      80%         3
 Mephitic Cloud           Conj/Pois/Air  0%         N/A       80%         3
 Summon Guardian Golem    Hex/Summ       0%         N/A       80%         3
 Vampiric Draining        Necr           0%         2d6       80%         3
 Animate Dead             Necr           0%         N/A       99%         4
 Summon Ice Beast         Ice/Summ       0%         N/A       99%         4
 Summon Lightning Spire   Summ/Air       0%         N/A       99%         4
 Agony                    Necr           0%         N/A       100%        5


Dungeon Overview and Level Annotations

Branches:
Dungeon (8/15)             Temple (1/1) D:7            Lair (1/6) D:8

Altars:
Cheibriados
Elyvilon
Fedhas
Gozag
Hepliaklqana
Kikubaaqudgha
Makhleb
Nemelex Xobeh
Okawaru
Qazlal
Ru
Sif Muna
Trog
Uskayaw
Vehumet
Wu Jian
Xom
Yredelemnul
Zin
The Shining One

Shops:
D:5 *

Annotations:
D:4 1 runed translucent door, nj0rd12's ghost, weakling MiFi
Lair:1 Fannar


Innate Abilities, Weirdness & Mutations

You have very sharp fingernails.
A demonic guardian rushes to your aid.
You regenerate a little health from kills.
When seriously injured, your bleeding wounds create thick armour. (AC +9)


Message History

You hit Fannar but do no damage.
Fannar is lightly wounded.
Fannar hits you but does no damage.
You barely miss Fannar.
Fannar is lightly wounded.
Fannar hits you with a +0 quarterstaff of freezing.
Fannar freezes you.
You hit Fannar.
Fannar's magic leaks into the air.
Fannar is lightly wounded.
Fannar hits you but does no damage.
You slash Fannar!
Fannar's magic leaks into the air.
Fannar is moderately wounded.
You closely miss Fannar.
Fannar is moderately wounded.
Fannar completely misses you.
You hit Fannar.
Fannar's magic leaks into the air.
Fannar is moderately wounded.
You closely miss Fannar.
Fannar is moderately wounded.
Fannar hits you with a +0 quarterstaff of freezing.
Fannar freezes you.
* * * LOW HITPOINT WARNING * * *
Throw: 3 throwing nets
Press: ? - help, Q - select action, (/) - cycle Shift-Dir - straight line, f - Fannar
Aim: Fannar, wielding a +0 quarterstaff of freezing, wearing a +2 robe of cold resistance and wearing a ring of ice (moderately wounded, 48% to hit)
You throw a throwing net. The throwing net misses Fannar.
Fannar hits you with a +0 quarterstaff of freezing!
* * * LOW HITPOINT WARNING * * *
Fannar freezes you.
* * * LOW HITPOINT WARNING * * *
A demonic guardian appears!
Throw: 2 throwing nets
Press: ? - help, Q - select action, (/) - cycle Shift-Dir - straight line, f/p - Fannar
Aim: Fannar, wielding a +0 quarterstaff of freezing, wearing a +2 robe of cold resistance and wearing a ring of ice (moderately wounded, ally target, 48% to hit)
You throw a throwing net. The throwing net hits Fannar.
Fannar is caught in the net!
Fannar is moderately wounded.
Fannar casts a spell.
Fannar drains the heat from the surrounding environment!
You die...

############# ### ###
#............
##.#####.###............
........##......@e.....(
........#..#............
........#.#...4.........
........#.##............
..........##............
........####............
........# #............
........# #............
.##.###P# ####


You could see Fannar (caught, ally target) and a friendly orange demon
(summoned).

Vanquished Creatures
  2 two-headed ogres
  2 death yaks (D:7)
  2 komodo dragons (D:8)
  Prince Ribbit (D:6)
  Sigmund (D:3)
  A wraith (D:8)
  11 yaks
  A basilisk (Lair:1)
  A water moccasin (D:7)
  3 sky beasts
  An orc warrior (D:8)
  An ice beast (D:5)
  An ogre (D:6)
  3 centaurs
  3 wolves
  A phantom (D:5)
  A kobold brigand (D:7)
  3 bullfrogs (D:8)
  4 gnoll sergeants
  A scorpion (D:5)
  A water moccasin zombie (D:5)
  Dowan (D:4)
  2 howler monkeys
  A bullfrog zombie (D:6)
  2 centaur zombies (D:7)
  2 jellies
  An orc priest (D:8)
  A bullfrog skeleton (D:5)
  4 hounds (D:5)
  A gnoll shaman (D:7)
  Terence (D:2)
  An iguana (D:6)
  2 orc wizards (D:8)
  Robin (D:2)
  24 gnolls
  A howler monkey skeleton (D:4)
  6 adders
  2 shadow imps
  A white imp (D:6)
  An ufetubus (D:6)
  2 adder zombies (D:5)
  A worm (D:3)
  14 orcs
  7 bats
  15 endoplasms
  5 giant cockroaches
  8 hobgoblins
  14 jackals
  2 quokkas
  3 ball pythons
  8 frilled lizards
  21 goblins
  15 kobolds
  12 rats
227 creatures vanquished.

Vanquished Creatures (collateral kills)
  3 death yaks (D:7)
  A troll (D:7)
  3 yaks (D:8)
  A basilisk (Lair:1)
  Duvessa (D:4)
  3 wolves (Lair:1)
  2 hounds (D:5)
  4 gnolls
  2 jackals (D:4)
20 creatures vanquished.

Vanquished Creatures (others)
  A plant (Lair:1)
1 creature vanquished.

Grand Total: 248 creatures vanquished

Notes
Turn   | Place    | Note
-------+----------+-------------------------------------------
     0 | D:1      | Froggeryz the Demonspawn Gladiator began the quest for the
                  | Orb.
     0 | D:1      | Reached XP level 1. HP: 16/16 MP: 1/1
    57 | D:1      | Reached skill level 3 in Axes
   139 | D:1      | Gained mutation: You have sharp fingernails. [demonic
                  | ancestry]
   139 | D:1      | Reached XP level 2. HP: 22/22 MP: 2/2
   740 | D:1      | Reached XP level 3. HP: 23/27 MP: 3/3
  1204 | D:2      | Noticed Robin
  1235 | D:2      | HP: 1/27 [Robin/+0 mace of protection (6)]
  1521 | D:2      | Killed Robin
  1590 | D:2      | Reached skill level 4 in Axes
  1651 | D:2      | Reached XP level 4. HP: 33/33 MP: 4/4
  2407 | D:2      | Gained mutation: A weak demonic guardian rushes to your
                  | aid. [demonic ancestry]
  2407 | D:2      | Reached XP level 5. HP: 17/38 MP: 5/5
  3023 | D:2      | Found a faded altar of an unknown god.
  3024 | D:2      | Noticed Terence
  3034 | D:2      | Killed Terence
  3514 | D:3      | Noticed Sigmund
  3522 | D:3      | Killed Sigmund
  3523 | D:3      | Reached skill level 5 in Axes
  3523 | D:3      | Reached skill level 1 in Armour
  3523 | D:3      | Gained mutation: A demonic guardian rushes to your aid.
                  | [demonic ancestry]
  3523 | D:3      | Reached XP level 6. HP: 28/44 MP: 6/6
  4814 | D:4      | You fall into a shaft and drop 1 floor!
  4814 | D:5      | Entered Level 5 of the Dungeon
  4815 | D:5      | Noticed a sky beast
  5108 | D:4      | Reached skill level 6 in Axes
  5108 | D:4      | Found a runed translucent door.
  5108 | D:4      | Noticed nj0rd12's ghost (weakling MiFi)
  5500 | D:5      | Reached XP level 7. HP: 45/50 MP: 7/7
  5856 | D:5      | Reached skill level 7 in Axes
  5940 | D:5      | Noticed Duvessa
  6199 | D:5      | Noticed Dowan
  6434 | D:4      | Killed Dowan
  6438 | D:4      | Killed Duvessa
  6603 | D:4      | Gained mutation: You have very sharp fingernails. [demonic
                  | ancestry]
  6603 | D:4      | Reached XP level 8. HP: 39/57 MP: 8/8
  6844 | D:5      | Identified the +7 hand axe of Fusat {antimagic, rF+ Dex+2}
  6916 | D:5      | Found a sacrificial altar of Ru.
  6939 | D:5      | Found Eluthris's General Store.
  7160 | D:5      | Reached skill level 8 in Axes
  8066 | D:6      | Noticed Prince Ribbit
  8080 | D:6      | Killed Prince Ribbit
  8081 | D:6      | Reached skill level 9 in Axes
  8348 | D:6      | You fall into a shaft and drop 2 floors!
  8348 | D:8      | Noticed a troll
  8373 | D:8      | Noticed a two-headed ogre
  8545 | D:7      | Noticed a two-headed ogre
  8555 | D:7      | Found a staircase to the Ecumenical Temple.
  8564 | Temple   | Entered the Ecumenical Temple
  8569 | Temple   | Reached skill level 5 in Fighting
  8569 | Temple   | Gained mutation: When seriously injured, your bleeding
                  | wounds create armour. (AC +9) [demonic ancestry]
  8569 | Temple   | Reached XP level 9. HP: 63/68 MP: 3/9
  8678 | Temple   | Became a worshipper of Warmaster Okawaru
  8818 | D:7      | Found a hide-covered altar of Uskayaw.
  9994 | D:7      | Found a snail-covered altar of Cheibriados.
 10511 | D:7      | Killed a two-headed ogre
 10511 | D:7      | Reached * piety under Okawaru
 10512 | D:7      | Reached skill level 10 in Axes
 10831 | D:7      | Found a burning altar of Makhleb.
 11026 | D:7      | Killed a troll
 11027 | D:7      | Reached skill level 1 in Invocations
 12203 | D:8      | Noticed a death yak
 12205 | D:8      | Noticed a death yak
 12205 | D:8      | Noticed a death yak
 12205 | D:8      | Noticed a death yak
 12395 | D:7      | HP: 2/69 [death yak (18)]
 12398 | D:7      | Killed a death yak
 12398 | D:7      | Reached ** piety under Okawaru
 12399 | D:7      | Reached skill level 11 in Axes
 12399 | D:7      | Gained mutation: You regenerate a little health from kills.
                  | [demonic ancestry]
 12399 | D:7      | Reached XP level 10. HP: 2/76 MP: 4/12
 12401 | D:7      | Killed a death yak
 12803 | D:7      | Killed a death yak
 12803 | D:7      | Reached *** piety under Okawaru
 12804 | D:7      | Reached skill level 5 in Invocations
 12990 | D:8      | Killed a two-headed ogre
 12991 | D:8      | Reached skill level 1 in Shields
 13226 | D:8      | Noticed a death yak
 13269 | D:7      | Killed a death yak
 13270 | D:7      | Reached skill level 12 in Axes
 13723 | D:7      | Killed a death yak
 13723 | D:7      | Reached **** piety under Okawaru
 13993 | D:8      | Found a staircase to the Lair.
 14219 | Lair:1   | Entered Level 1 of the Lair of Beasts
 14296 | D:8      | Reached ***** piety under Okawaru
 14297 | D:8      | Gained mutation: When seriously injured, your bleeding
                  | wounds create thick armour. (AC +9) [demonic ancestry]
 14297 | D:8      | Reached XP level 11. HP: 52/81 MP: 3/14
 14990 | Lair:1   | Reached skill level 13 in Axes
 15014 | Lair:1   | Received a gift from Okawaru
 15415 | Lair:1   | Noticed Fannar
 15441 | Lair:1   | Killed from afar by Fannar

Illustrated notes

Levels and vault maps discovered:
D:1:      minmay_arrival_five_plusses, layout_loops_cross,
          hangedman_decor_opposing, grunt_decor_arrowhead, minivault_19,
          minmay_tall_x
D:2:      minmay_inner_zag, layout_loops_ring,
          hellmonk_ecumenical_altar_zigzags, lightli_corner_chamber, uniq_robin,
          uniq_terence
D:3:      layout_loops_ring, uniq_sigmund
D:4:      layout_cave_pools, gammafunk_ghost_grave
D:5:      layout_cave_pools, kennysheep_mini, general_overflow_altar,
          serial_gnoll_camp, gnoll_camp_mini_shop, gnoll_camp_mini_doghouse,
          gnoll_camp_mini_house, gnoll_camp_mini_basic,
          gnoll_camp_mini_loothouse, gnoll_camp_mini_hut, uniq_duvessa
D:6:      layout_loops_ring, chequers_avenue, uniq_prince_ribbit1
D:7:      kennysheep_big_flooded_room, layout_layer_cave,
          lightli_temple_of_fire, kennysheep_mini_moat,
          gammafunk_temple_overflow_wave, minmay_temple_entry_tees
D:8:      layout_rooms, dpeg_lair_monsters
Temple:   zaba_magenta_temple
Lair:1:   layout_roguey, grunt_megastairs_4, uniq_fannar

Skill      XL: |  1  2  3  4  5  6  7  8  9 10 11 |
---------------+----------------------------------+-----
Axes           | 3 4 5 6 7 9 11 12 13 | 13.2
Throwing       | 2 3 |  3.2
Armour         | 1 2 3 |  3.2
Fighting       | 5 6 |  6.2
Invocations    | 3 5 |  5.0
Shields        | 3 4 |  4.8
Dodging        | |  2.6

Action                   |  1- 3 |  4- 6 |  7- 9 | 10-12 || total
-------------------------+-------+-------+-------+-------++-------
Melee: War axe           |   117 |   241 |    75 |       ||   433
       Hand axe          |       |       |   225 |   248 ||   473
Throw: Throwing net      |       |     1 |     2 |     2 ||     5
       Boomerang         |       |       |     5 |     2 ||     7
Invok: Heroism           |       |       |     1 |     1 ||     2
Evoke: Wand              |       |       |       |     4 ||     4
  Use: Scroll            |     3 |     8 |     4 |       ||    15
       Potion            |     1 |     1 |     3 |     1 ||     6
 Stab: Sleeping          |     1 |       |       |       ||     1
       Held in net/web   |       |       |     1 |       ||     1
       Paralysed         |       |       |       |     8 ||     8
Armor: Leather armour    |     2 |       |       |       ||     2
       Ring mail         |    58 |    59 |       |       ||   117
       Scale mail        |       |    58 |   185 |    79 ||   322
Dodge: Dodged            |    76 |   143 |   193 |    94 ||   506

Table legend: (Time is in decaauts)
 A = Elapsed time spent in this place.
 B = Non-inter-level travel time spent in this place.
 C = Inter-level travel time spent in this place.
 D = Time resting spent in this place.
 E = Time spent auto-exploring this place.
 F = Levels seen in this place.
 G = Mean time per level.
                   A        B        C        D        E       F      G
               +--------+--------+--------+--------+--------+-----+--------+
         Total |  15463 |  15092 |    371 |   4813 |   7951 |  10 | 1546.3 |
       Dungeon |  14826 |  14501 |    325 |   4813 |   7474 |   8 | 1853.2 |
        Temple |    134 |     88 |     46 |      0 |     77 |   1 |  134.0 |
          Lair |    502 |    502 |      0 |      0 |    400 |   1 |  502.0 |
               +--------+--------+--------+--------+--------+-----+--------+

Top non-repeatable levels by time:
     D:7: 4305 daAuts
     D:4: 2348 daAuts
     D:2: 1637 daAuts
     D:8: 1616 daAuts
     D:1: 1605 daAuts
     D:5: 1382 daAuts
     D:6: 984 daAuts
     D:3: 945 daAuts
  Lair:1: 502 daAuts
  Temple: 134 daAuts
